AoeStats
← Vacuna_aoe

Arena

505986302Analyzed
4v4 RM · 22d ago on Sep 11, 2026· 39m 49s· 8 players
Game mode
Random Map
Map size
Large (8 player)
Population
200
Speed
Normal
Resources
Standard
Victory
Conquest
Starting age
Dark Age
Ending age
Imperial Age
RankedLock teamsTeams togetherTeam positionsShared explorationLock speedFull tech treeHidden civsTurbo modeCheats
Victory
Defeat
🇺🇸 Lithuanians · United States
1379
+13
🇪🇸 Vikings · Spain
1375
+13
🇦🇷 Vietnamese · Argentina
1345
+14
🇩🇪 Persians · Germany
1320
+14
🇧🇷 Byzantines · Brazil
1724
-29
🇦🇷 Malay · Argentina
1191
-9
🇨🇱 Hindustanis · Chile
1169
-9
🇦🇷 Franks · Argentina
1130
-7
Monotone
10:48 Feudal Age
14:39 Castle Age
13:06 Horse Collar
14:01 Double-Bit Axe
19:24 Fervor
19:28 Loom
22:22 Scale Barding Armor
23:43 Wheelbarrow
24:33 Chain Barding Armor
24:39 Forging
27:34 Gold Mining
28:44 Bloodlines
29:01 Husbandry
30:01 Iron Casting
31:13 Masonry
32:09 Ballistics
34:21 Imperial Age
31:57 Fletching
33:06 Bodkin Arrow
34:59 Padded Archer Armor
35:37 Plate Barding Armor
34:27 Elite Leitis
36:16 Chemistry
35:36 Devotion
36:51 Hand Cart
37:49 Thumb Ring
37:45 Bracer
38:24 Padded Archer Armor
ttbenitez
10:01 Feudal Age
14:57 Castle Age
12:58 Double-Bit Axe
13:49 Horse Collar
14:01 Gold Mining
15:29 Scale Barding Armor
15:37 Forging
19:39 Bow Saw
21:40 Bloodlines
22:09 Husbandry
23:07 Loom
25:19 Wheelbarrow
27:14 Iron Casting
26:39 Scale Mail Armor
27:20 Scale Barding Armor
32:11 Imperial Age
30:13 Hand Cart
31:29 Gambesons
32:21 Chain Barding Armor
33:39 Two-Man Saw
32:41 Heavy Plow
33:47 Plate Barding Armor
34:49 Cavalier
36:30 Blast Furnace
36:04 Crop Rotation
36:25 Savar
39:28 Chemistry
38:23 Murder Holes
Aspirante
10:43 Feudal Age
14:40 Castle Age
22:43 Forging
28:09 Double-Bit Axe
28:51 Horse Collar
30:03 Gold Mining
31:27 Bow Saw
35:15 Imperial Age
32:32 Loom
34:05 Scale Mail Armor
34:40 Iron Casting
33:32 Man-at-Arms
33:58 Gambesons
34:53 Squires
34:51 Long Swordsman
36:19 Chain Mail Armor
35:59 Two-Handed Swordsman
38:48 Plate Mail Armor
39:18 Blast Furnace
37:53 Capped Ram
38:32 Champion
40:44 Blast Furnace
ReBeL_persi
11:11 Feudal Age
13:11 Loom
15:39 Castle Age
13:36 Horse Collar
14:33 Double-Bit Axe
17:45 Bow Saw
20:22 Town Watch
25:55 Gold Mining
26:53 Wheelbarrow
26:43 Stone Mining
28:00 Stone Shaft Mining
29:56 Hand Cart
30:18 Heavy Plow
30:54 Scale Mail Armor
31:04 Forging
34:13 Imperial Age
32:20 Chain Mail Armor
32:12 Squires
33:12 Iron Casting
34:06 Fletching
34:22 Scale Barding Armor
34:16 Elite Fire Lancer
35:28 Plate Mail Armor
36:52 Two-Man Saw
36:24 Bodkin Arrow
36:50 Chain Barding Armor
37:32 Chemistry
36:53 Ballistics
37:15 Crop Rotation
38:19 Bracer
Delhi
9:56 Feudal Age
10:22 Double-Bit Axe
10:17 Horse Collar
17:25 Castle Age
15:43 Gold Mining
20:04 Wheelbarrow
21:19 Loom
23:14 Hand Cart
25:57 Coinage
27:43 Gold Shaft Mining
27:20 Bow Saw
27:13 Heavy Plow
27:45 Thumb Ring
27:48 Fletching
27:59 Padded Archer Armor
27:58 Stone Mining
28:31 Crossbowman
29:38 Leather Archer Armor
30:52 Stone Shaft Mining
34:47 Imperial Age
32:43 Ballistics
32:21 Elite Skirmisher
34:43 Bodkin Arrow
34:51 Scale Mail Armor
35:08 Town Watch
36:31 Chemistry
35:44 Masonry
36:00 Town Patrol
38:24 Ring Archer Armor
Oni.NachoAoE
5:24 Loom
12:14 Feudal Age
12:55 Double-Bit Axe
15:44 Castle Age
14:54 Horse Collar
19:46 Imperial Age
18:18 Bow Saw
18:51 Gold Mining
22:26 Chemistry
Vacuna_aoe
11:05 Feudal Age
16:02 Castle Age
14:39 Double-Bit Axe
14:46 Gold Mining
21:43 Wheelbarrow
24:24 Scale Barding Armor
30:09 Hand Cart
30:15 Bow Saw
31:39 Loom
31:36 Pikeman
32:17 Squires
32:19 Light Cavalry
33:27 Stone Mining
36:44 Imperial Age
35:28 Gold Shaft Mining
36:02 Husbandry
36:57 Town Watch
37:13 Man-at-Arms
37:38 Gambesons
38:18 Forging
38:08 Scale Mail Armor
38:16 Cavalier
Kerry Camilanga
12:07 Feudal Age
12:31 Horse Collar
15:35 Castle Age
15:40 Heavy Plow
15:43 Double-Bit Axe
18:08 Bow Saw
19:44 Wheelbarrow
20:05 Town Watch
21:16 Pikeman
22:17 Gold Mining
23:45 Squires
24:53 Loom
25:24 Hand Cart
25:15 Town Patrol
25:37 Crossbowman
26:23 Thumb Ring
27:10 Fletching
27:31 Padded Archer Armor
29:36 Ballistics
30:17 Bodkin Arrow
33:07 Imperial Age
32:22 Arbalester
33:41 Bracer
34:05 Leather Archer Armor
34:56 Chemistry
34:08 Masonry
37:27 Siege Engineers
38:01 Halberdier
39:14 Ring Archer Armor
38:55 Forging
39:53 Conscription
Connection lost

Rejoining the realm…

Still unreachable

The connection could not be restored.

Session expired

The server has moved on; the page needs a fresh start.